 Dungeon Crawl Stone Soup version 0.31-a0-774-g0d66cbabe8 (webtiles) character file.

Game seed: 500292350193610450

82 Bravepunisher the Ducker (level 4, -10/25 HPs)
             Began as a Spriggan Monk on Sept 17, 2023.
             Mangled by an ogre
             ... wielding a +0 giant club
              (26 damage)
             ... on level 5 of the Dungeon.
             The game lasted 00:03:37 (652 turns).

Bravepunisher the Ducker (Spriggan Monk)             Turns: 652, Time: 00:03:37

Health: -10/25     AC:  2    Str:  7    XL:     4   Next: 21%
Magic:  5/5        EV: 20    Int: 11    God:
Gold:   29         SH:  0    Dex: 19    Spells: 3/3 levels left

rFire   . . .        a - +0 short sword
rCold   . . .        d - orb {light}
rNeg    . . .        b - +0 robe
rPois   .            (helmet restricted)
rElec   .            (no cloak)
rCorr   .            (gloves unavailable)
SInv    +            (boots unavailable)
Will    .....        (no amulet)
Stlth   +            (no ring)
HPRegen 0.24/turn    (no ring)
MPRegen 0.09/turn

%: no passive effects
@: weak-willed, glowing, very quick
A: very small, no large weapons, unfitting armour, see invisible, speed 3
a: no special abilities


You were on level 5 of the Dungeon.
You visited 1 branch of the dungeon, and saw 6 of its levels.

You collected 29 gold pieces.

Inventory:

Hand Weapons
 a - a +0 short sword (weapon)
Armour
 b - a +0 robe (worn)
 d - an orb of light (worn)
Jewellery
 h - a +6 ring of dexterity
Potions
 c - a potion of ambrosia
 i - 2 potions of heal wounds
 j - a potion of haste {unknown}
 k - a potion of lignification {unknown}


   Skills:
 * Level 3.7 Fighting
 - Level 3.2 Short Blades
 + Level 5.1 Dodging


You had 3 spell levels left.
You didn't know any spells.
Your spell library contained the following spells:

 Spells                   Type           Power      Damage    Failure   Level
 Haunt                    Necr/Summ      0%         N/A       100%        7
 Borgnjor's Revivificati  Necr           0%         N/A       100%        8
 Death's Door             Necr           0%         N/A       100%        9


Dungeon Overview and Level Annotations

Branches:
Dungeon (6/15)
 Temple: D:4-7

Altars:
Elyvilon

Shops:
D:1 [*!

Annotations:
D:3 Natasha


Innate Abilities, Weirdness & Mutations

You are very small and have problems with some larger weapons.
You are too small for most types of armour.
You have supernaturally acute eyesight. (SInv)
You cover ground extremely quickly. (Speed+++)


Message History

The white imp shouts!
The white imp hits you. The white imp freezes you.
Found an escape hatch in the ceiling.
Found 11 gold pieces.
The white imp shouts, "Face thy requiem, thou mangled saucy nano-nebbish!"
The white imp gestures at you. The puff of frost misses you.
An ogre comes into view. It is wielding a +0 giant club.
Found a dagger.
The ogre shouts!
You hear a shout! x2
An orc comes into view. It is wielding a +0 flail.
Found 2 bubbling white potions.
Found an escape hatch in the floor.
The white imp gestures at you. The puff of frost hits you.
The white imp gestures at you. The puff of frost hits you.
As you read the scroll labelled INANUKH LEQYA, it crumbles to dust.
The air around you briefly surges with heat, but it dissipates.
It was a scroll of immolation.
As you read the scroll labelled ZURCHA GYPNUDYC, it crumbles to dust.
Magic quickly surges around you.
It was a scroll of vulnerability.
The ogre barely misses you.
You hit the ogre but do no damage. The ogre completely misses you.
You hit the ogre.
The ogre is lightly wounded.
You hit the ogre.
The ogre is lightly wounded.
The ogre closely misses you.
You hit the ogre but do no damage.
The ogre is lightly wounded.
You hit the ogre but do no damage.
The ogre is lightly wounded.
The ogre closely misses you.
You hit the ogre.
The ogre is moderately wounded.
You barely miss the ogre.
The ogre is moderately wounded.
The ogre hits you with a +0 giant club!!
Ouch! That really hurt!
You die...

### ##.# #. #..#
#.# #..# # #.#
#.## .... #.# #.#
..... #.# #.#
..... #.# ######.#
#....##.###.oooO@#
#...........####.#
#..>..#O###......#
#....#..# #......#
##..).## #......#
####...# #......#
..$...O####......#
##........#......#
#.#.............#


You could see an ogre, an orc wizard and 2 orcs.

Vanquished Creatures
  A bullfrog (D:6)
  A dart slug (D:1)
  An orc (D:6)
  2 ball pythons
  An endoplasm (D:2)
  A goblin (D:2)
  A hobgoblin (D:1)
  4 quokkas (D:1)
  5 bats
  2 frilled lizards (D:2)
  2 rats
21 creatures vanquished.

Notes
Turn   | Place    | Note
-------+----------+-------------------------------------------
     0 | D:1      | Bravepunisher the Spriggan Monk began the quest for the
                  | Orb.
     0 | D:1      | Reached XP level 1. HP: 11/11 MP: 2/2
    93 | D:1      | Found Bucax's Armour Shoppe.
   123 | D:1      | Reached XP level 2. HP: 15/16 MP: 3/3
   197 | D:1      | Found Boehif's Distillery.
   234 | D:1      | Found Atuezxeysm's General Store.
   362 | D:3      | Noticed a phantom
   374 | D:3      | Noticed Natasha
   380 | D:3      | Found a white marble altar of Elyvilon.
   441 | D:4      | Noticed a phantom
   514 | D:5      | Entered Level 5 of the Dungeon
   514 | D:5      | Noticed a bullfrog
   530 | D:6      | Killed a bullfrog
   531 | D:6      | Reached skill level 5 in Dodging
   531 | D:6      | Reached XP level 3. HP: 14/21 MP: 4/4
   531 | D:6      | Reached XP level 4. HP: 17/25 MP: 5/5
   614 | D:5      | Noticed an ogre
   652 | D:5      | Mangled by an ogre

Illustrated notes

Levels and vault maps discovered:
D:1:      nicolae_arrival_memento_mori, layout_rooms, serial_shops,
          nicolae_shop_hallway_stairs, nicolae_shop_trees, shop, shop,
          nicolae_shop_crystal, minmay_misc_feat_columns
D:2:      layout_basic
D:3:      layout_basic, mainiacjoe_overflow_boulevard,
          ebering_ecumenical_altar_box, gammafunk_ghost_stat_death, uniq_natasha
D:4:      layout_basic, nicolae_letterblocks [nicolae_letter_subblock,
          nicolae_letter_subblock, nicolae_letter_subblock,
          nicolae_letter_subblock, nicolae_letter_subblock,
          nicolae_letter_subblock, nicolae_letter_subblock,
          nicolae_letter_subblock, nicolae_letter_subblock,
          nicolae_letter_subblock, nicolae_letter_subblock,
          nicolae_letter_subblock, nicolae_letter_subblock,
          nicolae_letter_subblock, nicolae_letter_subblock,
          nicolae_letter_subblock, nicolae_letter_subblock,
          nicolae_letter_subblock, nicolae_letter_subblock,
          nicolae_letter_subblock, nicolae_letter_subblock,
          nicolae_letter_subblock, nicolae_letter_subblock,
          nicolae_letter_subblock, nicolae_letter_subblock], uniq_robin
D:5:      layout_rooms, mainiacjoe_overflow_alcove_1, uniq_edmund
D:6:      layout_layer_cave, slow_altar_2, old_standard_altar,
          grunt_ministairs_1

Skill      XL: |  1  2 |
---------------+-------+-----
Fighting       | 3 |  3.7
Dodging        | 5 |  5.1
Short Blades   | |  3.2

Action                     |  1- 3 |  4- 6 || total
---------------------------+-------+-------++-------
  Melee: Short sword       |    75 |    10 ||    85
    Use: Potion            |     2 |       ||     2
         Scroll            |       |     2 ||     2
 Armour: Robe              |    27 |     4 ||    31
  Dodge: Dodged            |   102 |     8 ||   110

Table legend: (Time is in decaauts)
 A = Elapsed time spent in this place.
 B = Non-inter-level travel time spent in this place.
 C = Inter-level travel time spent in this place.
 D = Time resting spent in this place.
 E = Time spent auto-exploring this place.
 F = Levels seen in this place.
 G = Mean time per level.
                   A        B        C        D        E       F      G
               +--------+--------+--------+--------+--------+-----+--------+
         Total |    469 |    463 |      6 |      8 |    160 |   6 |   78.2 |
       Dungeon |    469 |    463 |      6 |      8 |    160 |   6 |   78.2 |
               +--------+--------+--------+--------+--------+-----+--------+

Top non-repeatable levels by time:
     D:1: 200 daAuts
     D:4: 65 daAuts
     D:2: 60 daAuts
     D:6: 51 daAuts
     D:3: 50 daAuts
     D:5: 41 daAuts
